 Dungeon Crawl Stone Soup version 0.29-a0-392-g297d3b089c (webtiles) character file.

Game seed: 2187387509368235904

67 dolemite99 the Digger (level 4, -1/24 HPs)
             Began as a Gargoyle Earth Elementalist on May 9, 2022.
             Was a Follower of Ashenzari.
             Slain by a hobgoblin (4 damage)
             ... led by Robin
             ... on level 2 of the Dungeon.
             The game lasted 00:03:10 (1456 turns).

dolemite99 the Digger (Gargoyle Earth Elementalist) Turns: 1456, Time: 00:03:10

Health: -1/24      AC:  5    Str: 12    XL:     4   Next: 18%
Magic:  0/7        EV: 11    Int: 17    God:    Ashenzari [*.....]
Gold:   130        SH:  0    Dex: 10    Spells: 6/7 levels left

rFire   . . .      SeeInvis .   a - +0 hunting sling
rCold   . . .      Faith    .   (no shield)
rNeg    + . .      Spirit   .   b - +0 robe of Ashenzari's Sybil {Alch, Fort} (curse)
rPois   ∞          Reflect  .   (no helmet)
rElec   +          Harm     .   (no cloak)
rCorr   .          Rampage  .   (no gloves)
Will    +....                   (no boots)
Stlth   ++........              (no amulet)
HPRegen 0.08/turn               q - ring of Ashenzari's Planets {Will+, Range, Evo} (curse)
MPRegen 0.10/turn               (no ring)

@: brilliant
A: sickness immunity, AC +3, negative energy resistance 1, electricity
resistance, torment resistance 1, petrification resistance
a: Renounce Religion, Shatter the Chains


You were on level 2 of the Dungeon.
You worshipped Ashenzari.
Ashenzari was aware of your devotion.
You visited 1 branch of the dungeon, and saw 2 of its levels.

You collected 130 gold pieces.

Inventory:

Hand Weapons
 a - a +0 hunting sling (weapon)
 f - a +0 hand axe
Missiles
 d - 6 boomerangs
 o - 49 stones
Armour
 b - the cursed +0 robe of Ashenzari's Sybil (worn) {Alch, Fort}

   It has a curse which improves the following skills: Alchemy: Poison Magic and
   Transmutations.
   Fortitude: Armour and Shields.
 r - a +0 ring mail
Jewellery
 m - a ring of protection from fire
 q - the cursed ring of Ashenzari's Planets (left hand) {Will+, Range, Evo}
   (You found it on level 1 of the Dungeon)

   [ring of willpower]

   Will:      It increases your willpower.
   It has a curse which improves the following skills: Ranged Combat: Slings,
   Bows, Crossbows and Throwing.
   Evocations: Evocations.
Scrolls
 e - a scroll of vulnerability
 g - 2 scrolls of identify {@r1}
 h - 2 scrolls of immolation
 j - 2 scrolls of teleportation
 l - a scroll of torment
 n - a scroll of brand weapon
 p - a scroll of magic mapping
Potions
 k - a potion of attraction


   Skills:
 + Level 1.8(2.5) Slings
 - Level 1.5 Dodging
 - Level 2.1 Stealth
 - Level 2.0 Spellcasting
 - Level 0.7(1.2) Transmutations
 - Level 5.2 Earth Magic


You had 6 spell levels left.
You knew the following spells:

 Your Spells              Type           Power      Damage    Failure   Level
a - Sandblast             Erth           58%        2d13      2%          1

Your spell library contained the following spells:

 Spells                   Type           Power      Damage    Failure   Level
 Passwall                 Tmut/Erth      15%        N/A       8%          2
 Stone Arrow              Conj/Erth      30%        3d8       21%         3
 Corpse Rot               Necr/Air       4%         N/A       28%         2
 Poisonous Vapours        Pois/Air       4%         N/A       28%         2
 Petrify                  Tmut/Erth      18%        N/A       45%         4


Dungeon Overview and Level Annotations

Branches:
Dungeon (2/15)

Altars:
Ashenzari


Innate Abilities, Weirdness & Mutations

You are immune to sickness and miasma.
Your stone body is resilient. (AC +3)
You are immune to poison.
You resist negative energy. (rN+)
You are resistant to electric shocks. (rElec)
You are resistant to unholy torment.
You are immune to petrification.


Message History

Confirm with . or Enter, or press ? or * to list all spells.
Aiming: Sandblast (safe; 2% risk of failure)
Press: ? - help, Shift-Dir - straight line, f - goblin
Aim: a goblin, wielding a +0 club (74% to hit)
The blast of sand hits the goblin!
You kill the goblin!
o - 50 stones The hobgoblin no longer looks unusually strong.
The goblin shoots a sling bullet.
The sling bullet barely misses you.
You feel clever all of a sudden. The hobgoblin barely misses you.
Casting: Sandblast (safe; 2% risk of failure)
Confirm with . or Enter, or press ? or * to list all spells.
Aiming: Sandblast (safe; 2% risk of failure)
Press: ? - help, Shift-Dir - straight line, f - hobgoblin
Aim: a hobgoblin (81% to hit)
You feel a surge of power!
The blast of sand hits the hobgoblin!
You kill the hobgoblin!
o - 49 stones The goblin shoots a sling bullet.
The sling bullet hits you.
* * * LOW HITPOINT WARNING * * *
Casting: Sandblast (safe; 2% risk of failure)
Confirm with . or Enter, or press ? or * to list all spells.
You don't have enough magic to cast this spell.
Unknown command.
Okay, then.
Fire: a) +0 hunting sling
Press: ? - help, Q - select action, (/) - cycle Shift-Dir - straight line, f - hobgoblin
Aim: a hobgoblin (52% to hit)
You shoot a sling bullet.
The sling bullet barely misses the hobgoblin.
The sling bullet barely misses the hobgoblin.
The hobgoblin barely misses you.
Fire: a) +0 hunting sling
Press: ? - help, Q - select action, (/) - cycle Shift-Dir - straight line, f/p - hobgoblin
Aim: a hobgoblin (52% to hit)
You shoot a sling bullet.
The sling bullet hits the hobgoblin but does no damage.
The hobgoblin hits you.
You die...

....########..
.............#
.............#
.....).......#
##..########.#########
##...............)...##.
.................)..g...
##.######.##.###)######.
##.######.##.# #@#
........#.##.###g###
##.####.........gg..
....................
.............###..##
##.####.#.##.# #..# #..
.............#
.................#
.........##.###.


You could see 2 hobgoblins and a goblin (strong).

Vanquished Creatures
  Robin (D:2)
  An adder (D:2)
  2 dart slugs (D:1)
  5 endoplasms (D:1)
  3 giant cockroaches
  8 goblins
  3 hobgoblins
  4 jackals (D:1)
  5 ball pythons
  2 bats (D:1)
  3 frilled lizards
  3 kobolds
40 creatures vanquished.

Vanquished Creatures (others)
  4 toadstools (D:1)
4 creatures vanquished.

Grand Total: 44 creatures vanquished

Notes
Turn   | Place    | Note
-------+----------+-------------------------------------------
     0 | D:1      | dolemite99 the Gargoyle Earth Elementalist began the quest
                  | for the Orb.
     0 | D:1      | Reached XP level 1. HP: 10/10 MP: 3/3
    19 | D:1      | Reached skill level 4 in Earth Magic
   409 | D:1      | Found a faded altar of an unknown god.
   437 | D:1      | Reached XP level 2. HP: 15/15 MP: 3/5
   499 | D:1      | Prayed at the altar of an unknown god.
   499 | D:1      | Became a worshipper of Ashenzari the Shackled
   894 | D:1      | Reached skill level 5 in Earth Magic
   894 | D:1      | Reached XP level 3. HP: 19/19 MP: 1/6
  1266 | D:1      | Reached * piety under Ashenzari
  1433 | D:2      | Noticed Robin
  1436 | D:2      | Reached skill level 1 in Slings
  1446 | D:2      | Killed Robin
  1447 | D:2      | Reached XP level 4. HP: 12/24 MP: 1/7
  1456 | D:2      | Slain by a hobgoblin

Illustrated notes

Levels and vault maps discovered:
D:1:      ldierk_walled_garden_2, layout_basic, shapermc_ecumenical_altar_venn,
          minmay_pentomino_p4
D:2:      layout_basic, uniq_robin, uniq_natasha

Skill      XL: |  1  2  3 |
---------------+----------+-----
Earth Magic    | 4 5 |  5.2
Slings         | 1 |  1.8
Dodging        | |  1.5
Stealth        | |  2.1
Spellcasting   | |  2.0
Transmutations | |  0.7

Action                   |  1- 3 |  4- 6 || total
-------------------------+-------+-------++-------
Melee: Hand axe          |     2 |       ||     2
 Fire: Hunting sling     |    22 |     7 ||    29
 Cast: Sandblast         |    43 |     2 ||    45
Invok: Curse Item        |     2 |       ||     2
  Use: Potion            |     1 |     1 ||     2
Armor: Robe              |    20 |       ||    20
Dodge: Dodged            |    27 |     7 ||    34

Table legend: (Time is in decaauts)
 A = Elapsed time spent in this place.
 B = Non-inter-level travel time spent in this place.
 C = Inter-level travel time spent in this place.
 D = Time resting spent in this place.
 E = Time spent auto-exploring this place.
 F = Levels seen in this place.
 G = Mean time per level.
                   A        B        C        D        E       F      G
               +--------+--------+--------+--------+--------+-----+--------+
         Total |   1468 |   1420 |     48 |    373 |    707 |   2 |  734.0 |
       Dungeon |   1468 |   1420 |     48 |    373 |    707 |   2 |  734.0 |
               +--------+--------+--------+--------+--------+-----+--------+

Top non-repeatable levels by time:
     D:1: 1337 daAuts
     D:2: 131 daAuts
